 Dungeon Crawl Stone Soup version 0.27.1-4-g1640c2035a (webtiles) character file.

Game seed: 12601142770481600806

13277 Gabide the Basher (level 12, -9/97 HPs)
             Began as a Human Artificer on Nov 2, 2021.
             Was a Believer of Ashenzari.
             Mangled by Harold (27 damage)
             ... on level 10 of the Dungeon.
             The game lasted 00:22:40 (9705 turns).

Gabide the Basher (Human Artificer)                 Turns: 9705, Time: 00:22:41

Health: -9/97      AC: 13    Str: 15    XL:     12   Next: 30%
Magic:  12/12      EV: 17    Int: 11    God:    Ashenzari [**....]
Gold:   731        SH:  0    Dex: 17    Spells: 11/11 levels left

rFire    . . .     SeeInvis +   h - +4 whip (elec)
rCold    . . .     Faith    .   (no shield)
rNeg     + . .     Spirit   .   u - +3 ring mail
rPois    .         Reflect  .   (no helmet)
rElec    .         Harm     +   w - +0 cloak "Clairvoyant Secrets" {Range, Self} (curse)
rCorr    .         Rampage  .   (no gloves)
Will     +....                  i - +1 pair of boots of Toth-Mos's Legacy {Self, Range} (curse)
Stlth    +.........             b - amulet of Wots {Harm Fly rN+ Regen+}
HPRegen  1.26/turn              l - ring of the Shattered Sun {Slay+4, Cun, Fort} (curse)
MPRegen  0.13/turn              g - ring "Visionary Anxiety" {Will+, Bglg, Fort} (curse)

@: brilliant, flying, hasted, very quick
A: no striking features
a: Renounce Religion, Curse Item, Shatter the Chains


You were on level 10 of the Dungeon.
You worshipped Ashenzari.
Ashenzari was pleased with you.
You visited 2 branches of the dungeon, and saw 11 of its levels.

You collected 731 gold pieces.

Inventory:

Hand Weapons
 f - a +0 flail
 h - a +4 whip of electrocution (weapon)
Armour
 i - the cursed +1 pair of boots of Toth-Mos's Legacy (worn) {Self, Range}
   (You found it on level 7 of the Dungeon)

   It has a curse which improves the following skills: Introspection: Fighting
   and Spellcasting.
   Ranged Combat: Slings, Bows, Crossbows and Throwing.
 u - a +3 ring mail (worn)
 w - the cursed +0 cloak "Clairvoyant Secrets" (worn) {Range, Self}
   (You found it on level 4 of the Dungeon)

   It has a curse which improves the following skills: Ranged Combat: Slings,
   Bows, Crossbows and Throwing.
   Introspection: Fighting and Spellcasting.
 z - a +2 robe of willpower
 C - a +2 robe of positive energy
Jewellery
 b - the amulet of Wots (around neck) {Harm Fly rN+ Regen+}
   (You acquired it on level 4 of the Dungeon)

   [amulet of regeneration]

   rN:        It protects you from negative energy.
   Fly:       It grants you flight.
   Regen:     It increases your rate of health regeneration.
   Harm:      It increases damage dealt and taken.
 g - the cursed ring "Visionary Anxiety" (right hand) {Will+, Bglg, Fort}
   (You found it on level 5 of the Dungeon)

   [ring of willpower]

   Will:      It increases your willpower.
   It has a curse which improves the following skills: Beguiling: Conjurations,
   Hexes and Translocations.
   Fortitude: Armour and Shields.
 l - the cursed ring of the Shattered Sun (left hand) {Slay+4, Cun, Fort}
   (You found it on level 6 of the Dungeon)

   [ring of slaying]

   Slay:      It affects your accuracy & damage with ranged weapons and melee
   (+4).
   It has a curse which improves the following skills: Cunning: Dodging and
   Stealth.
   Fortitude: Armour and Shields.
 A - a ring of magical power
Wands
 c - a wand of flame (2) (quivered)
 d - a wand of charming (21)
 t - a wand of iceblast (21)
 y - a wand of acid (8)
Scrolls
 j - 2 scrolls of teleportation
 m - a scroll of fear
 o - 2 scrolls of fog
 q - a scroll of magic mapping
 B - 2 scrolls of amnesia
 D - a scroll of holy word
Potions
 a - a potion of brilliance
 k - a potion of ambrosia
 n - 3 potions of haste
 r - 2 potions of might
 s - a potion of magic
 v - 7 potions of curing
 x - a potion of berserk rage
Miscellaneous
 e - a piece from Xom's chessboard (15/15)


   Skills:
 + Level 7.4(9.8) Fighting
 + Level 9.9 Maces & Flails
 + Level 6.5(8.9) Armour
 * Level 9.8(11.1) Dodging
 - Level 1.0(1.9) Stealth
 * Level 9.0 Evocations


You had 11 spell levels left.
You didn't know any spells.
Your spell library contained the following spells:

 Spells                   Type           Power      Damage    Failure   Level
 Dazzling Flash           Conj/Hex       0%         N/A       86%         3
 Gell's Gravitas          Tloc           0%         N/A       86%         3
 Teleport Other           Tloc           0%         N/A       86%         3
 Tukima's Dance           Hex            0%         N/A       86%         3
 Summon Guardian Golem    Hex/Summ       0%         N/A       87%         3
 Passage of Golubria      Tloc           N/A        N/A       99%         4
 Agony                    Necr           0%         N/A       100%        5
 Silence                  Hex/Air        0%         N/A       100%        5
 Yara's Violent Unravell  Hex/Tmut       0%         3d3       100%        5
 Dispersal                Tloc           0%         N/A       100%        6
 Orb of Destruction       Conj           0%         N/A       100%        7
 Spellforged Servitor     Conj/Summ      0%         N/A       100%        7


Dungeon Overview and Level Annotations

Branches:
Dungeon (10/15)            Temple (1/1) D:6            Lair (0/6) D:9
    Orc (0/2) D:9

Altars:
Ashenzari
Cheibriados
Dithmenos
Elyvilon
Fedhas
Gozag
Hepliaklqana
Kikubaaqudgha
Makhleb
Nemelex Xobeh
Okawaru
Qazlal
Ru
Sif Muna
Trog
Uskayaw
Vehumet
Wu Jian
Xom
Yredelemnul
Zin
The Shining One

Shops:
D:5 (

Annotations:
D:10 Harold


Message History

Harold freezes you.
Aiming: Corrosive Bolt
Press: ? - help, Shift-Dir - straight line, f - Harold
Aim: Harold, wielding a +0 halberd of freezing, wearing a +0 scale mail and quivering 4 throwing nets (moderately wounded, 84% to hit)
The bolt of acid hits Harold!
Harold is splashed with acid.
Harold is severely wounded.
Harold hits you with a +0 halberd of freezing.
* * * LOW HITPOINT WARNING * * *
Harold freezes you.
* * * LOW HITPOINT WARNING * * *
Blink to where?
Press: ? - help, Dir - move target, p - Harold
As you read the scroll of blinking, it crumbles to dust.
Harold throws a throwing net.
The throwing net hits you.
You become entangled in the net!
You feel clever all of a sudden.
You feel more experienced!
Your base Fighting skill increases to level 7!
Your base Dodging skill increases to level 9!
Your Evocations skill gained 2 levels and is now at level 9!
You have reached level 12!
Your experience leads to an increase in your attributes!
Increase (S)trength, (I)ntelligence, or (D)exterity?
You feel agile.
You feel stronger.
You feel yourself speed up. Harold casts a spell at you.
You barely resist.
You struggle against the net.
Harold points at you and mumbles some strange words.
You barely resist.
You tear a large gash into the net.
Harold hits you from afar with a +0 halberd of freezing!
* * * LOW HITPOINT WARNING * * *
Harold freezes you.
* * * LOW HITPOINT WARNING * * *
You shred the net and break free!
As you read the scroll of fear, it crumbles to dust.
You assume a fearsome visage.
Harold easily resists.
Harold hits you from afar with a +0 halberd of freezing!!
You die...

'...# ,,, #.....# , , ,
#...#.... #.....# , ,
######..# #.....#, * *
....##..# ....# ,,
....#...#.....# ,, ,
....#...#.....# , ,
....#...#.....+ , , ,
....##..#.....#####+###+*
##+###..##......@.......
#...'....#..............
, , ,,
#...#....'....@.........
, *
#...##...#..............
#....#####.....#########
+* ###..# #.....+ ,,
..)..# #.....# , , .....#
#.....#* ** , .....#
####### ,, * *


You could see Harold.

Vanquished Creatures
  Joseph (D:10)
  4 centaur zombies
  A troll (D:10)
  Prince Ribbit (D:9)
  2 hornets
  A shadow (D:10)
  2 wyverns (D:8)
  6 yaks
  A vampire mosquito (D:10)
  3 orc warriors
  2 water moccasins (D:9)
  A sky beast (D:8)
  A black bear (D:9)
  A hornet zombie (D:8)
  3 ogres
  A necrophage (D:6)
  A centaur (D:8)
  3 kobold brigands
  8 bullfrogs
  5 scorpions
  2 killer bees (D:5)
  14 wights
  An electric eel (D:10)
  A bullfrog zombie (D:5)
  5 orc priests
  3 hounds
  A centaur skeleton (D:4)
  Jessica (D:2)
  A scorpion zombie (D:5)
  Ijyb (D:4)
  5 iguanas
  17 orc wizards
  A killer bee zombie (D:7)
  A hound skeleton (D:5)
  5 adders
  A shadow imp (D:7)
  A worm (D:2)
  2 dart slugs
  33 orcs
  6 ball pythons
  12 endoplasms
  7 giant cockroaches
  5 hobgoblins
  9 jackals
  7 quokkas
  5 bats
  11 frilled lizards
  4 goblins
  A jackal skeleton (D:3)
  13 kobolds
  7 rats
231 creatures vanquished.

Vanquished Creatures (collateral kills)
  2 killer bees (D:5)
  An orc wizard (D:5)
  4 orcs (D:5)
7 creatures vanquished.

Vanquished Creatures (others)
  A killer bee (D:5)
  An ogre (D:5)
  An orc wizard (D:5)
  An adder (D:4)
  An orc (D:5)
  30 fungi
  29 plants (D:9)
  5 toadstools (D:6)
69 creatures vanquished.

Grand Total: 307 creatures vanquished

Notes
Turn   | Place    | Note
-------+----------+-------------------------------------------
     0 | D:1      | Gabide the Human Artificer began the quest for the Orb.
     0 | D:1      | Reached XP level 1. HP: 15/15 MP: 1/1
   117 | D:1      | Reached XP level 2. HP: 18/21 MP: 2/2
   925 | D:1      | Reached XP level 3. HP: 26/26 MP: 3/3
  1235 | D:1      | Found a faded altar of an unknown god.
  1347 | D:2      | Reached skill level 1 in Maces & Flails
  1851 | D:2      | Reached XP level 4. HP: 30/32 MP: 4/4
  1918 | D:2      | Noticed Jessica
  1928 | D:2      | Killed Jessica
  2438 | D:3      | Reached XP level 5. HP: 38/38 MP: 5/5
  2514 | D:3      | You fall into a shaft and drop 3 floors!
  2553 | D:6      | Noticed a centaur warrior zombie
  2567 | D:6      | Killed a centaur warrior zombie
  2568 | D:6      | Reached XP level 6. HP: 16/46 MP: 6/6
  2568 | D:6      | Reached XP level 7. HP: 18/51 MP: 7/7
  2772 | D:6      | Found a staircase to the Ecumenical Temple.
  2785 | Temple   | Entered the Ecumenical Temple
  2830 | Temple   | Became a worshipper of Ashenzari the Shackled
  3378 | D:6      | Reached XP level 8. HP: 47/58 MP: 8/8
  3859 | D:5      | Entered Level 5 of the Dungeon
  3859 | D:5      | Found a sacrificial altar of Ru.
  3859 | D:5      | Found a glowing silver altar of Zin.
  3961 | D:5      | Reached skill level 5 in Maces & Flails
  4539 | D:5      | Found an ornate altar of the Wu Jian Council.
  4602 | D:5      | Found Lirgher's Firing Range.
  4975 | D:5      | Reached XP level 9. HP: 50/65 MP: 9/9
  5518 | D:4      | Identified the +9 hunting sling of Arrival {venom, rPois
                  | rC+ rCorr}
  5526 | D:4      | Noticed Ijyb
  5537 | D:4      | Killed Ijyb
  5538 | D:4      | Reached skill level 5 in Armour
  5538 | D:4      | Reached skill level 5 in Evocations
  5552 | D:4      | Reached skill level 5 in Dodging
  5842 | D:4      | Identified a scroll of acquirement
  5874 | D:4      | Acquired the amulet of Wots {Harm Fly rN+ Regen+}
  5931 | D:4      | Found a radiant altar of Vehumet.
  6033 | D:4      | Identified the +1 plate armour "Piloov" {rPois Int+2}
  6061 | D:4      | Found a burning altar of Makhleb.
  6904 | D:7      | Reached * piety under Ashenzari
  7133 | D:7      | Noticed a hornet
  7137 | D:7      | Killed a hornet
  7138 | D:7      | Reached skill level 5 in Fighting
  7530 | D:7      | Reached XP level 10. HP: 67/76 MP: 10/10
  7726 | D:8      | Reached ** piety under Ashenzari
  8649 | D:9      | Reached XP level 11. HP: 87/87 MP: 11/11
  8732 | D:9      | Found a staircase to the Orcish Mines.
  8753 | D:9      | Noticed Prince Ribbit
  8759 | D:9      | Killed Prince Ribbit
  8844 | D:9      | Found a staircase to the Lair.
  9267 | D:10     | Entered Level 10 of the Dungeon
  9299 | D:10     | Noticed Joseph
  9308 | D:10     | Killed Joseph
  9619 | D:10     | Found a shadowy altar of Dithmenos.
  9692 | D:10     | Noticed Harold
  9700 | D:10     | Reached XP level 12. HP: 31/97 MP: 12/12
  9705 | D:10     | Mangled by Harold

Illustrated notes

Levels and vault maps discovered:
D:1:      saegor_arrival_miasma, layout_basic,
          dreamdust_ecumenical_altar_angels_and_demons, minmay_lizard_pond
D:2:      layout_basic, uniq_jessica
D:3:      layout_basic, serial_curves, eino_curves_04, eino_curves_03,
          minmay_divided_ellipse
D:4:      layout_rooms, mainiacjoe_overflow_alcove_1, general_overflow_altar,
          uniq_ijyb
D:5:      layout_rooms, lemuel_round_altar, nicolae_overflow_hidden_temple,
          serial_rivers, chequers_serial_rivers_micro_b,
          chequers_serial_rivers_micro_c, chequers_serial_rivers_small_3,
          chequers_serial_rivers_large_b, chequers_serial_rivers_small_b,
          nicolae_shop_firing_range
D:6:      layout_rooms, minmay_temple_entry_wispy, st_stairs_13,
          minmay_gold_behind_fungi
D:7:      layout_loops_corners
D:8:      layout_loops_ring
D:9:      layout_long_grid, due_lair_maze_entry_diamond, orc_0_dummy,
          uniq_prince_ribbit1
D:10:     layout_gridville, grunt_dithmenos_shadows, serial_shops, shop,
          kennysheep_dice, uniq_joseph, uniq_harold
Temple:   regret_index_temple_sphere_string

Skill      XL: |  1  2  3  4  5  6  7  8  9 10 11 |
---------------+----------------------------------+-----
Maces & Flails | 1 2 3 4 5 7 8 9 |  9.9
Dodging        | 2 3 4 6 7 9 |  9.8
Fighting       | 2 3 4 5 6 7 |  7.4
Armour         | 3 4 5 6 |  6.5
Evocations     | 4 5 6 9 |  9.0
Stealth        | |  1.0

Action                   |  1- 3 |  4- 6 |  7- 9 | 10-12 || total
-------------------------+-------+-------+-------+-------++-------
Melee: Club              |    24 |       |       |       ||    24
       Flail             |    61 |       |       |       ||    61
       Whip              |    22 |    67 |   311 |   287 ||   687
Invok: Curse Item        |       |       |     2 |     2 ||     4
Evoke: Wand              |     6 |     2 |    10 |     5 ||    23
       Piece from Xom's  |       |       |     2 |       ||     2
  Use: Potion            |       |       |     4 |     3 ||     7
       Scroll            |       |       |     7 |     5 ||    12
 Stab: Sleeping          |     4 |       |     3 |       ||     7
       Distracted        |       |       |     1 |       ||     1
       Paralysed         |       |       |    10 |       ||    10
Armor: Leather armour    |    37 |    18 |    33 |       ||    88
       Ring mail         |       |       |    38 |   113 ||   151
Dodge: Dodged            |    81 |    44 |   219 |   159 ||   503
